Teammate gets dominated on his side, team rallied together for 50 point win

Match 12522460
End
Selects Airborne Battlegroup
Selects Pathfinders
Pathfinder Squad
Pathfinder Squad
Construct Weapon Support Center
M1919 Machine Gun Team
Engineer Squad
Sniper
Infantry Support Center
Selects Paratrooper Squad Paradrop
Construct Motor Pool
Munitions Surplus
Pathfinder Squad
M24 Chaffee Light Tank
Selects Anti-tank Gun Team Paradrop
Paratrooper Squad Paradrop
M24 Chaffee Light Tank
Selects Recon Loiter
Selects Supply Drop
Supply Drop
Construct Medical Station
Engineer Squad
Recon Loiter
Supply Drop
Advanced Logisitcs
Survival Training
Selects Dual P-47 Rocket Strike
Demolitions Package
Construct Barracks
Supply Drop
Anti-tank Gun Team Paradrop
Recon Loiter
Dual P-47 Rocket Strike
Anti-tank Gun Team Paradrop
Supply Drop
Mortar Pit
Recon Loiter
Dual P-47 Rocket Strike
Paratrooper Squad Paradrop
Supply Drop
Dual P-47 Rocket Strike
Paratrooper Squad Paradrop
Construct Tank Depot
Recon Loiter
Supply Drop
M4A1 Sherman Medium Tank
Recon Loiter
Dual P-47 Rocket Strike
Supply Drop
M4A1 Sherman Medium Tank
Recon Loiter
Anti-tank Gun Team Paradrop
Supply Drop
Dual P-47 Rocket Strike
Recon Loiter
Paratrooper Squad Paradrop
Supply Drop
Dual P-47 Rocket Strike
Anti-tank Gun Team Paradrop
Supply Drop
Recon Loiter
Dual P-47 Rocket Strike
Larry Cañonga
SKSDANIELX
kokmeat88
Diancécht
frehzii
Von Mark
0
0

Comments sign in to comment!

No comments posted yet!